 Dungeon Crawl Stone Soup version 0.30-a0-691-g754fce4c43 (webtiles) character file.

Game seed: 10456612349420443302

2383 retardedninja the Blocker (level 9, -1/106 (121) HPs)
             Began as a Minotaur Fighter on Jan 18, 2023.
             Was an Initiate of Gozag.
             Slain by a wight
             ... wielding a +3 dire flail
              (7 damage)
             ... on level 7 of the Dungeon on Jan 19, 2023.
             The game lasted 00:07:16 (5655 turns).

retardedninja the Blocker (Minotaur Fighter)        Turns: 5655, Time: 00:07:16

HP:   -1/106 (121)  AC: 24    Str: 24    XL:     9   Next: 22%
MP:   8/8           EV:  2    Int:  5    God:    Gozag
Gold: 776           SH:  6    Dex: 11    Spells: 8/8 levels left

rFire   . . .      SeeInvis .    a - +0 war axe
rCold   . . .      Faith    .    c - +0 buckler
rNeg    . . .      Spirit   .    (body armour currently unavailable)
rPois   +          Reflect  .    (helmet currently unavailable)
rElec   .          Harm     .    (cloak currently unavailable)
rCorr   .          Rampage  .    (gloves currently unavailable)
Will    .....      NoTele   +    (boots currently unavailable)
Stlth   +                        (no amulet)
HPRegen 0.37/turn                (no ring)
MPRegen 0.11/turn                (no ring)

@: tree-form, heavily drained
A: stationary, stasis, torment immunity, boosted hp, (horns 2), (retaliatory
headbutt)
a: Renounce Religion, Potion Petition, Call Merchant, Bribe Branch


You were on level 7 of the Dungeon.
You worshipped Gozag.
Gozag was pleased with you.
You were a tree.
You visited 1 branch of the dungeon, and saw 7 of its levels.

You collected 828 gold pieces.
You paid 52 gold pieces to Gozag.

Inventory:

Hand Weapons
 a - a +0 war axe (weapon)
Missiles
 H - a throwing net (quivered)
Armour
 c - a +0 buckler (worn)
 h - a +0 pair of gloves (melded)
 w - a +0 plate armour (melded)
 y - a +0 pair of boots (melded)
 D - a +0 cloak (melded)
Jewellery
 b - a +6 ring of intelligence
 q - a ring of fire
 A - a ring of see invisible
Wands
 n - a wand of polymorph (3)
 s - a wand of iceblast (11)
 G - a wand of mindburst (11)
Scrolls
 d - 3 scrolls of blinking {unknown}
 e - 5 scrolls of identify {unknown}
 f - a scroll of brand weapon {unknown}
 i - 2 scrolls of vulnerability {unknown}
 j - 2 scrolls of teleportation {unknown}
 l - 3 scrolls of magic mapping {unknown}
 o - 4 scrolls of fear {unknown}
 u - a scroll of fog {unknown}
 v - a scroll of amnesia {unknown}
 x - a scroll of noise {unknown}
 B - a scroll of enchant armour {unknown}
 J - a scroll of poison {unknown}
Potions
 g - a potion of cancellation {unknown}
 k - a potion of brilliance
 m - 2 potions of lignification
 p - 2 potions of haste {unknown}
 r - a potion of berserk rage {unknown}
 z - a potion of ambrosia {unknown}
 C - a potion of attraction {unknown}
 E - 2 potions of heal wounds {unknown}
 F - a potion of resistance {unknown}
 I - a potion of magic {unknown}


   Skills:
 + Level 8.3 Fighting
 + Level 7.8 Axes
 + Level 8.3 Armour
 + Level 8.3 Shields


You had 8 spell levels left.
You didn't know any spells.
Your spell library contained the following spells:

 Spells                   Type           Power      Damage    Failure   Level
 Magic Dart               Conj           0%         1d3       54%         1
 Shock                    Conj/Air       0%         1d3       54%         1
 Searing Ray              Conj           0%         2d4       69%         2
 Ignite Poison            Fire/Tmut/Pois 0%         N/A       89%         3
 Kindle Blastsparks       Fire/Tloc/Air  0%         2d10      89%         3
 Portal Projectile        Hex/Tloc       0%         N/A       89%         3
 Swiftness                Air            0%         N/A       89%         3
 Tukima's Dance           Hex            0%         N/A       89%         3
 Vhi's Electric Charge    Tloc/Air       0%         N/A       89%         3
 Airstrike                Air            0%         2d(0-16)  100%        4
 Fulminant Prism          Conj/Hex       0%         3d5       100%        4
 Arcjolt                  Conj/Air       0%         1d10      100%        5
 Blade Hands              Tmut           0%         N/A       100%        5
 Freezing Cloud           Conj/Ice/Air   0%         6-21      100%        5
 Maxwell's Capacitive Co  Air            0%         ∞         100%        8


Dungeon Overview and Level Annotations

Branches:
Dungeon (7/15)             Temple (0/1) D:6

Altars:
Ashenzari
Gozag
Hepliaklqana
Kikubaaqudgha
Okawaru
Qazlal
Wu Jian

Shops:
D:3 (


Innate Abilities, Weirdness & Mutations

You are a tree.
Your roots penetrate the ground, keeping you stationary.
You cannot be teleported.
You are immune to unholy pain and torment.
Your maximum health is greatly increased.
Your equipment is partially melded.
((You have a pair of horns on your head.))
((You reflexively headbutt those who attack you in melee.))


Message History

Your +0 plate armour melds into your body.
Your roots penetrate the ground.
The wight hits you with a +0 great sword.
* * * LOW HITPOINT WARNING * * *
You feel drained.
The wight hits you with a +3 dire flail.
* * * LOW HITPOINT WARNING * * *
You feel drained.
* * * LOW HITPOINT WARNING * * *
You barely miss the wight.
The wight is severely damaged.
You hit the wight.
The wight hits you with a +0 great sword!
* * * LOW HITPOINT WARNING * * *
You feel drained.
* * * LOW HITPOINT WARNING * * *
You block the wight's attack.
You closely miss the wight.
The wight is severely damaged.
You slash the wight!
You destroy the wight!
The wight is distracted by your dazzling golden aura.
You barely miss the wight.
The wight is no longer distracted by gold.
The wight is severely damaged.
The wight hits you but does no damage.
You barely miss the wight.
The wight is severely damaged.
The wight hits you with a +3 dire flail.
* * * LOW HITPOINT WARNING * * *
You feel drained.
* * * LOW HITPOINT WARNING * * *
You closely miss the wight.
The wight is severely damaged.
The wight hits you but does no damage.
You hit the wight but do no damage.
The wight is severely damaged.
The wight hits you with a +3 dire flail!
You die...
Your body crumbles into a pile of gold.

$ ............## #.##.#
.........##..## #.....
.#......###...### ##.#.#
........###.#...## ##.#.#
....##...##.###..###.....
###.#.....#.# ##..##.#...
#⌠#.........# ##....##..
###.........# ##.......
........♣$..#####...##...
#####..$z.#.#............
#.....#.#.........###
#........#.........#
#........#..........#
#........#............
##....##+#############
##...#


You could see a wight.

Vanquished Creatures
  Prince Ribbit (D:6)
  Grinder (D:6)
  An ice beast (D:7)
  A sky beast (D:7)
  5 black bears
  An ogre (D:5)
  A phantom (D:4)
  A kobold brigand (D:6)
  A bullfrog (D:6)
  A gnoll sergeant (D:6)
  4 scorpions
  2 wights (D:7)
  5 jellies
  2 gnoll boudas (D:6)
  An orc priest (D:2)
  Natasha (thrice) (D:2)
  14 gnolls
  10 adders
  A white imp (D:7)
  An ufetubus (D:6)
  3 worms (D:3)
  2 dart slugs
  15 orcs
  2 bat zombies (D:3)
  11 endoplasms
  4 giant cockroaches
  4 goblins
  8 hobgoblins
  11 jackals
  2 quokkas
  5 ball pythons (D:1)
  9 bats
  A frilled lizard (D:2)
  9 kobolds
  4 rats
  2 rat zombies (D:3)
149 creatures vanquished.

Notes
Turn   | Place    | Note
-------+----------+-------------------------------------------
     0 | D:1      | retardedninja the Minotaur Fighter began the quest for the
                  | Orb.
     0 | D:1      | Reached XP level 1. HP: 19/19 MP: 0/0
    71 | D:1      | Reached XP level 2. HP: 26/27 MP: 1/1
   290 | D:1      | Reached XP level 3. HP: 33/33 MP: 2/2
   435 | D:1      | Found a faded altar of an unknown god.
   716 | D:2      | Reached XP level 4. HP: 39/40 MP: 3/3
   809 | D:2      | Noticed Natasha
   821 | D:2      | Killed Natasha
   945 | D:2      | Noticed Natasha
   977 | D:2      | Killed Natasha
  1203 | D:2      | Reached XP level 5. HP: 47/47 MP: 4/4
  1271 | D:2      | Noticed Natasha
  1284 | D:2      | Killed Natasha
  1648 | D:3      | Reached skill level 5 in Armour
  1648 | D:3      | Reached skill level 5 in Shields
  1763 | D:3      | Noticed a black bear
  1769 | D:3      | Killed a black bear
  1770 | D:3      | Reached skill level 5 in Fighting
  1770 | D:3      | Reached XP level 6. HP: 47/56 MP: 5/5
  2008 | D:3      | Found an iron altar of Okawaru.
  2022 | D:3      | Found a broken altar of Ashenzari.
  2025 | D:3      | Found a stormy altar of Qazlal.
  2028 | D:3      | Found an opulent altar of Gozag.
  2162 | D:3      | Became a worshipper of Gozag Ym Sagoz the Greedy
  2282 | D:3      | Found Keoj's Weapon Shoppe.
  2390 | D:3      | Found an ancient bone altar of Kikubaaqudgha.
  2514 | D:4      | Reached skill level 5 in Axes
  2514 | D:4      | Reached XP level 7. HP: 62/62 MP: 6/6
  2592 | D:4      | Identified the +5 lajatang "Grim" {antimagic, rElec Str+3}
  2988 | D:4      | Found a hazy altar of Hepliaklqana.
  3215 | D:5      | Entered Level 5 of the Dungeon
  4049 | D:6      | Found a staircase to the Ecumenical Temple.
  4084 | D:6      | Reached XP level 8. HP: 37/71 MP: 7/7
  4269 | D:6      | Found an ornate altar of the Wu Jian Council.
  4368 | D:6      | Noticed Grinder
  4381 | D:6      | Killed Grinder
  4673 | D:6      | Noticed Prince Ribbit
  4705 | D:6      | Killed Prince Ribbit
  5035 | D:6      | Reached XP level 9. HP: 78/81 MP: 8/8
  5269 | D:6      | Upgraded the game from 0.30-a0-672-gc3a7216ad8 to
                  | 0.30-a0-691-g754fce4c43
  5653 | D:7      | HP: 5/106 [wight/+3 dire flail (1)]
  5655 | D:7      | Slain by a wight

Illustrated notes

Levels and vault maps discovered:
D:1:      minmay_arrival_radiant_lines, layout_rooms,
          shapermc_ecumenical_altar_mp_highgroup
D:2:      cheibrodos_pilgrimage, layout_basic, kennysheep_generic_room_13,
          uniq_natasha
D:3:      minmay_diamond_boxcup, layout_basic, grunt_temple_overflow_open,
          lemuel_zombie_altar_kikubaaqudgha, serial_shops, shop_statue
D:4:      layout_gridville, nzn_hepliaklqana_mist_gate, minivault_27,
          wad_floor_pattern_1
D:5:      layout_loops_ring
D:6:      layout_gridville, nicolae_wu_jian_wuxing_cycle,
          minmay_temple_entry_trees, uniq_prince_ribbit1, uniq_grinder
D:7:      layout_rooms, grunt_dithmenos_shadows, serial_glass, glass_columns_b,
          glass_columns_a, glass_columns_a, glass_columns_b, item_on_display_a,
          feat_on_display, item_on_display_a, minmay_strange_pillars

Skill      XL: |  1  2  3  4  5  6  7  8  9 |
---------------+----------------------------+-----
Armour         | 4 5 6 7 8 |  8.3
Shields        | 4 5 6 8 |  8.3
Fighting       | 4 5 6 7 8 |  8.3
Axes           | 3 4 5 6 7 |  7.8

Action                   |  1- 3 |  4- 6 |  7- 9 || total
-------------------------+-------+-------+-------++-------
Melee: War axe           |    85 |    89 |   209 ||   383
       Headbutt          |     7 |    16 |    45 ||    68
       Unarmed           |       |    29 |       ||    29
  Use: Potion            |       |     3 |     2 ||     5
Armor: Scale mail        |    76 |    45 |       ||   121
       Skin              |       |     1 |     2 ||     3
       Plate armour      |       |     3 |   166 ||   169
Dodge: Dodged            |    59 |    92 |    66 ||   217
Block: Buckler           |    24 |    20 |    48 ||    92

Table legend: (Time is in decaauts)
 A = Elapsed time spent in this place.
 B = Non-inter-level travel time spent in this place.
 C = Inter-level travel time spent in this place.
 D = Time resting spent in this place.
 E = Time spent auto-exploring this place.
 F = Levels seen in this place.
 G = Mean time per level.
                   A        B        C        D        E       F      G
               +--------+--------+--------+--------+--------+-----+--------+
         Total |   5763 |   5609 |    154 |    442 |   4141 |   7 |  823.3 |
       Dungeon |   5763 |   5609 |    154 |    442 |   4141 |   7 |  823.3 |
               +--------+--------+--------+--------+--------+-----+--------+

Top non-repeatable levels by time:
     D:6: 1262 daAuts
     D:2: 1086 daAuts
     D:3: 855 daAuts
     D:5: 843 daAuts
     D:4: 762 daAuts
     D:1: 582 daAuts
     D:7: 372 daAuts
